Cogmind - Beta 9.6 @@@ ROGUE MODE // 2020.06.10 @ 07:53:13 Player: Ben'n'Dan Result: Destroyed by S-10 Pest with Light Assault Rifle Performance ------------- Evolutions (0) 0 Regions Visited (2) 400 Robots Destroyed (14) 70 Value Destroyed (193) 193 Prototype IDs (0) 0 Alien Tech Used (0) 0 Bonus (0) 0 TOTAL SCORE: 663 Bonus ------- None Cogmind --------- Core Integrity 0/250 Matter 279/300 Energy 160/160 System Corruption 0% Temperature Cool (8) Movement Flying (37) Location -10/Mines Parts ------- > --- POWER (1) -------- Light Nuclear Core > --- PROPULSION (2) --- Flight Unit Flight Unit > --- UTILITY (2) ------ Propulsion Shielding > --- WEAPON (2) ------- Light Assault Rifle Light Assault Rifle > --- INVENTORY (4) ---- Light Ion Engine Flight Unit Light Assault Rifle Light Assault Rifle Peak State ------------ > --- POWER ------------ Light Nuclear Core > --- PROPULSION ------- Flight Unit Flight Unit > --- UTILITY ---------- Propulsion Shielding > --- WEAPON ----------- Light Assault Rifle Light Assault Rifle > --- INVENTORY -------- Light Ion Engine Light Ion Engine Light Assault Rifle [Rating: 8] Favorites ----------- Power Light Nuclear Core Power Core Light Nuclear Core Propulsion Flight Unit Wheel Wheel Hover Unit Hover Unit Flight Unit Flight Unit Utility Propulsion Shielding Protection Propulsion Shielding Weapon Light Assault Rifle Energy Gun Small Laser Ballistic Gun Light Assault Rifle Build | -11 -10 -10 ------- Run | Scr Mat Min Slots Evolved . | . . . Power . | . . . Propulsion . | . . . Utility . | . . . Weapon . | . . . Parts Attached 16 | 2 2 12 Power 1 | . . 1 Engine . | . . . Core 1 | . . 1 Reactor . | . . . Propulsion 5 | . 1 4 Treads . | . . . Leg . | . . . Wheel 1 | . . 1 Hover 1 | . 1 . Flight 3 | . . 3 Utility 1 | . . 1 Device . | . . . Storage . | . . . Processor . | . . . Hackware . | . . . Protection 1 | . . 1 Artifact . | . . . Weapon 9 | 2 1 6 Energy Gun 3 | 1 . 2 Energy Cannon . | . . . Ballistic Gun 6 | 1 1 4 Ballistic Cannon . | . . . Launcher . | . . . Special Weapon . | . . . Impact Weapon . | . . . Slashing Weapon . | . . . Piercing Weapon . | . . . Special Melee Weapon . | . . . Unidentified Prototypes . | . . . Parts Lost 5 | . . 5 Power . | . . . Propulsion 2 | . . 2 Utility . | . . . Weapon 3 | . . 3 Highest Loss Streak 3 | . . 3 Average Slot Usage (%) 54 | . 34 61 Core 4 | . . 6 Wheel 1 | . . 1 Hover 2 | . 6 1 Flight 12 | . . 16 Protection 6 | . . 8 Energy Gun 3 | . 3 4 Ballistic Gun 24 | . 24 23 Naked Turns . | . . . Heaviest Build 8 | 3 3 8 Greatest Support 8 | 3 3 8 Greatest Overweight (x) . | . . . Average Overweight (x) . | . . . Largest Inventory Capacity 4 | 4 4 4 Average Capacity 4 | 4 4 4 Most Carried 4 | 2 3 4 Average Carried 3 | 1 2 3 Final Capacity 4 | 4 4 4 Final Carried 4 | 2 3 4 Class Distribution -------------------- 64% | Mutant 35% | Scavenger-Mutant Dominant Class ---------------- Mutant | -10/Materials Scavenger-Mutant | -10/Mines Resources | -11 -10 -10 ----------- Run | Scr Mat Min Matter Collected 400 | 220 . 180 Remotely . | . . . Salvage Created 252 | . 14 238 Parts 29 | . 4 25 Haulers Intercepted . | . . . Recyclers Shooed . | . . . Parts Field Recycled . | . . . Retrieved Matter . | . . . Parts Self-Destructed . | . . . Prevented . | . . . Kills | -11 -10 -10 ------- Run | Scr Mat Min Combat Hostiles Destroyed 12 | . . 12 Guns 12 | . . 12 Classes Destroyed 4 | . 1 3 Builder 1 | . 1 . Tunneler 1 | . . 1 Swarmer 10 | . . 10 Grunt 2 | . . 2 Best Kill Streak 3 | . 1 3 Combat Bots Only 3 | . . 3 Max Kills in Single Turn 2 | . 1 2 Gunslinging 1 | . . 1 Exploded . | . . . Melee . | . . . Uniques/NPCs Destroyed . | . . . Combat | -11 -10 -10 -------- Run | Scr Mat Min Damage Taken 695 | . 68 627 Core 254 | . 12 242 Absorbed by Shields . | . . . Core Remaining (%) 100 | 100 . . Volleys Fired 38 | . 3 35 Largest 2 | . 2 2 Hottest 80 | . 40 80 Shots Fired 71 | . 6 65 Gun 71 | . 6 65 Cannon . | . . . Launcher . | . . . Special . | . . . Kinetic 54 | . 6 48 Thermal 17 | . . 17 Explosive . | . . . Electromagnetic . | . . . Robot Hit Streak 14 | . 1 14 Robot Miss Streak 5 | . 3 5 Penetration Max . | . . . Secondary Targets 2 | . . 2 Max Gunslinging Chain 1 | . . 1 Shots Hit Robots 41 | . 2 39 Core Hits 19 | . 1 18 Critical Hits 1 | . . 1 Critical Kills 1 | . . 1 Critical Parts Destroyed . | . . . Melee Attacks . | . . . Impact . | . . . Slashing . | . . . Piercing . | . . . Sneak Attacks . | . . . Combat Hostiles . | . . . Follow-up Attacks . | . . . Damage Inflicted 363 | . 21 342 Guns 363 | . 21 342 Cannons . | . . . Explosions . | . . . Melee . | . . . Ramming . | . . . Kinetic 263 | . 21 242 Thermal 100 | . . 100 Explosive . | . . . Electromagnetic . | . . . Impact . | . . . Slashing . | . . . Piercing . | . . . Highest Corruption . | . . . Average Corruption . | . . . Corruption Purged . | . . . Overload Shots . | . . . Overflow Damage . | . . . Projectiles . | . . . Explosions . | . . . Melee . | . . . Knockbacks . | . . . Impact . | . . . Kinetic . | . . . Secondary . | . . . Self-Inflicted Damage . | . . . Shots . | . . . Rammed . | . . . Targets Rammed . | . . . Kicked . | . . . Crushed . | . . . Highest Temperature 16 | . 1 16 Average Temperature 7 | . 1 7 Received Heat Transfer 132 | . 36 96 Siege Activations . | . . . Robots Corrupted . | . . . Combat Hostiles . | . . . Parts Fried . | . . . Impact Corruptions . | . . . Robots Melted . | . . . Combat Hostiles . | . . . Parts Melted . | . . . Heat Transferred 225 | . . 225 Parts Sabotaged . | . . . Parts Stolen . | . . . Parts Stripped . | . . . Power Chain Reactions . | . . . Missiles Intercepted . | . . . Alert | -11 -10 -10 ------- Run | Scr Mat Min Peak Influence 288 | . 73 288 Average Influence 103 | . 22 140 Maximum Alert Level 1 | . . 1 Low Security (%) 89 | 100 100 84 Level 1 10 | . . 15 Level 2 . | . . . Level 3 . | . . . Level 4 . | . . . Level 5 . | . . . High Security . | . . . Max Security . | . . . Squads Dispatched 2 | . 2 . Investigation 1 | . 1 . Extermination . | . . . Reinforcement 1 | . 1 . Assault . | . . . Garrison . | . . . Intercept . | . . . Construction Impeded . | . . . Haulers Reinforced . | . . . Stealth | -11 -10 -10 --------- Run | Scr Mat Min Distress Signals 1 | . . 1 Communications Jammed . | . . . Distress Signals . | . . . Times Spotted 21 | . 7 14 Peak Tracking Total 6 | . 6 3 Tactical Retreats . | . . . Traps | -11 -10 -10 ------- Run | Scr Mat Min Traps Triggered . | . . . Indirectly . | . . . Trap Hack Attempts . | . . . Triggered . | . . . Disarmed . | . . . Reprogrammed . | . . . Reused . | . . . Traps Extracted . | . . . Installed . | . . . Triggered . | . . . Machines | -11 -10 -10 ---------- Run | Scr Mat Min Machines Disabled . | . . . Max in Single Turn . | . . . Machines Sabotaged . | . . . Garrisons Compromised . | . . . Overloaded Fab Kills . | . . . Fab Network Shutdowns . | . . . Hacking | -11 -10 -10 --------- Run | Scr Mat Min Machines Accessed 3 | . 3 . Terminals 3 | . 3 . Fabricators . | . . . Repair Stations . | . . . Recycling Units . | . . . Scanalyzers . | . . . Garrison Access . | . . . Total Hacks 11 | . 11 . Successful 4 | . 4 . Failed 7 | . 7 . Catastrophic . | . . . Database Lockouts . | . . . Manual 5 | . 5 . Terminals 11 | . 11 . Fabricators . | . . . Repair Stations . | . . . Recycling Units . | . . . Scanalyzers . | . . . Garrison Access . | . . . Terminal Hacks 2 | . 2 . Branch Access Points 1 | . 1 . Locate Traps 1 | . 1 . Fabricator Hacks . | . . . Repair Station Hacks . | . . . Recycling Unit Hacks . | . . . Scanalyzer . | . . . Garrison Access Hacks . | . . . Unauthorized Hacks 2 | . 2 . Terminals 2 | . 2 . Botnet 2 | . 2 . Fabricators . | . . . Repair Stations . | . . . Recycling Units . | . . . Scanalyzers . | . . . Garrison Access . | . . . Data Cores Recovered . | . . . Used . | . . . Hacking Detections 3 | . 3 . Full Trace Events 1 | . 1 . Feedback Events . | . . . Feedback Blocked . | . . . Robot Schematics Acquired . | . . . Robots Built . | . . . Matter . | . . . Time . | . . . Total Robot Build Rating . | . . . Part Schematics Acquired . | . . . Parts Built . | . . . Matter . | . . . Time . | . . . Total Part Build Rating . | . . . Parts Repaired . | . . . Time . | . . . Parts Recycled . | . . . Recycled Matter . | . . . Retrieved Matter . | . . . Retrieved Components . | . . . Parts Scanalyzed . | . . . Part Schematics Acquired . | . . . Parts Damaged . | . . . Bothacking | -11 -10 -10 ------------ Run | Scr Mat Min Used RIF Installer . | . . . Robots Hacked . | . . . Non-combat . | . . . Combat . | . . . Robot Hacks Applied . | . . . Relay Couplers Released . | . . . Robots Rewired . | . . . Allies Hacked . | . . . Hacks Repelled . | . . . Allies | -11 -10 -10 -------- Run | Scr Mat Min Total Allies . | . . . Largest Group . | . . . Highest-Rated Group . | . . . Highest-Rated Ally . | . . . Total Orders . | . . . Ally Attacks . | . . . Total Damage . | . . . Kills . | . . . Allies Corrupted . | . . . Allies Melted . | . . . Intel | -11 -10 -10 ------- Run | Scr Mat Min Robot Analysis Total . | . . . Derelict Logs Recovered 1 | . . 1 Drone Launches . | . . . Drone Recoveries . | . . . Exploration | -11 -10 -10 ------------- Run | Scr Mat Min Turns Passed 387 | 25 91 271 Spaces Moved 572 | 39 157 376 Core 243 | 39 157 47 Treads . | . . . Legs . | . . . Wheels . | . . . Hover . | . . . Flight 329 | . . 329 Fastest Speed 37 | 50 50 37 Average Speed 42 | 50 50 39 Slowest Speed 50 | 50 50 50 Overloaded Moves . | . . . Propulsion Burnouts . | . . . Robots Hopped 2 | . . 2 Cave-ins Triggered . | . . . Exploration Rate (%) 36 | 3 33 73 Regions Visited 2 Branch Regions 1 Pre-discovered Areas 1 | . . 1 Known Exits Taken 1 | . 1 . Unknown Exits Taken 1 | 1 . . Scrap Searched 1 | . . 1 Spaces Dug . | . . . Terrain Destroyed . | . . . Melee . | . . . Projectile . | . . . AOE . | . . . Actions | -11 -10 -10 --------- Run | Scr Mat Min Total 645 | 42 163 440 Wait 7 | . . 7 Move 566 | 38 156 372 Hop 2 | . . 2 Pick Up 9 | 2 1 6 Fast Attach 10 | 2 2 6 Attach 3 | . . 3 Detach . | . . . Swap 3 | . . 3 Drop 7 | . 1 6 Fire 38 | . 3 35 Melee . | . . . Ram . | . . . Kick . | . . . Crush . | . . . Escape Stasis . | . . . Rewire . | . . . Trap . | . . . Miscellaneous . | . . . Route ------- -11/Scrapyard -10/Materials (discovered 2 exits: *Min x2) -10/Mines (discovered 2 exits: [*Mat x2]) History --------- Turn | Location | Event 10 | -11/Scrapyard | Discovered new exit (range 15) 26 | -11/Scrapyard | Entered Materials 100 | -10/Materials | Discovered new exit (range 10) 105 | -10/Materials | Identified exit to Mines 117 | -10/Materials | Entered Mines 130 | -10/Mines | Discovered new exit (range 7) 184 | -10/Mines | Core integrity fell below 50% 224 | -10/Mines | Lost 3 parts (1n2w) 326 | -10/Mines | Discovered new exit (range 11) 344 | -10/Mines | Core integrity fell below 20% 388 | -10/Mines | Destroyed by S-10 Pest with Light Assault Rifle Last Messages --------------- 00255_ S-10 Pest destroyed. 00257_ Acquired 20 matter. 00258_ Acquired Flight Unit. 00263_ Dropped Lgt. Ion Engine. 00263_ Acquired Lgt. Assault Rifle. 00264_ Acquired 15 matter. 00265_ Acquired 14 matter. 00287_ K-01 Serf collects debris. 00321_ Acquired derelict log, extracted data. World map updated: -10/Materials. 00326_ EXIT=FOUND 00346_ S-10 Pest destroyed. 00346_ Switching to secondary target: S-10 Pest. 00346_ S-10 Pest destroyed. 00359_ Acquired 15 matter. 00360_ Dropped Flight Unit. 00361_ Dropped Lgt. Assault Rifle. 00366_ Acquired Lgt. Assault Rifle. 00366_ Acquired 15 matter. 00386_ S-10 Pest destroyed. Map ----- +----------------------------------------------------+ | ??????????????????????????????# #?????###??? | | ??????????????????????????????# #????## ##?? | | ??????????????????????????????# ##???# #?? | | ??????????????????????????????# ##??# #?? | | ??????????????????????????????# #??## #?? | | ??????????????????????????????## #??## #?? | | ???????????????????????????????# #?## ##?? | | ???????????????????????????????# #?# #??? | | ???????????????????????????????# #?# ##?? | | ???????????????????????????????# ### #?? | | ???????????????????????????????# ## ##? | | ?????????????? ############# #? | | ????????????? #? | | ????????????????# #? | | ????????????????############# < ##? | | ???????????????????????????# ##?? | | ??????????????????????????# #??? | | ??????????????????????????# # #??? | | ##?????????????????????????# ## ## ##??? | | #??????????????????????????# *## ######???? | | ????????????????????????????#= ## #????????? | | ??????????????????????????### [[%*#????????? | | ??????????????????????????# [ ####????????? | | ??????????????????????????# ####???????????? | | ????????????????????####### ##?????????????? | | ????????????????????# s @ #?????????????? | | ????????????????????# """ #?????????????? | | ????????????????????# """= #?????????????? | | ????????????????????# """s* #?????????????? | | ????????????????????# [ #?????????????? | | ????????????????????##########?????????????? | | ???????????????????????????????????????????? | | ???????????????????????????????????????????? | | ???????????????????????????????????????????? | | ???????????????????????????????????????????? | | ???????????????????????????????????????????? | | ???????????????????????????????????????????? | | | | | | | | | | | | | | | | | | | | | | | | | | | +----------------------------------------------------+ Best States ------------- Heat Dissipation 25 Energy Generation 14 Energy Capacity 160 Matter Stores 300 Matter Capacity 300 Sight Range 16 Terrain Scan Density 10 Propulsion Shielding 33 Evasion (%) 62 Item Schematics ----------------- None Robot Schematics ------------------ None Fabricated ------------ Nothing Alien Tech Used ----------------- None Achievements -------------- None Challenges ------------ None Game ------ Seed SystemCentriumArmor Manual? 0 Play Time 00:07:16 Cumulative 122.9 hours Start 2020.06.10 @ 07:48:41 End 2020.06.10 @ 07:53:13 Sessions 1 Manual Loads 0 Difficulty Rogue Special Mode None Game No. 302 Rogue 294 Adventurer 8 Explorer 0 Win Type - Total 8 Types 5/0/2/1/0/0/0 Lore% 77 Gallery% 79 Achievement% 58 Wizard Run 0 Options --------- ASCII 0 Keyboard 0 Movement Mouse Keybinds 0 Fullscreen 1 Font 12/Smallcaps Map View 83x54 Tactical HUD 1 Map Filters NONE Filters NONE Steam 1 RUN: 7f7036c0-0ed3-4519-bdcd-d095c807ffae